AoeStats
← FeG_King

African Clearing

504611848Analyzed
4v4 RM · 24d ago on Sep 5, 2026· 35m 1s· 8 players
Game mode
Random Map
Map size
Large (8 player)
Population
200
Speed
Normal
Resources
Standard
Victory
Conquest
Starting age
Dark Age
Ending age
Imperial Age
RankedLock teamsTeams togetherTeam positionsShared explorationLock speedFull tech treeHidden civsTurbo modeCheats
Victory
Defeat
🇦🇷 Spanish · Argentina
1367
+11
🇺🇾 Ethiopians · Uruguay
1314
+13
🇦🇷 Italians · Argentina
1251
+16
🇨🇱 Bulgarians · Chile
1165
+19
🇨🇳 Wu · China
1255
-15
🇺🇸 Georgians · United States
1253
-15
🇧🇷 Poles · Brazil
1251
-15
🇵🇪 Bengalis · Peru
1236
-14
I ONLY MAKE TRADE CARTS
5:39 Loom
16:40 Feudal Age
21:36 Castle Age
Kill Line
5:10 Loom
14:12 Feudal Age
18:29 Castle Age
17:03 Forging
17:04 Fletching
17:14 Padded Archer Armor
19:20 Wheelbarrow
18:31 Horse Collar
34:21 Elite Skirmisher
FeG_King
4:14 Loom
15:25 Feudal Age
19:20 Castle Age
18:15 Horse Collar
19:56 Forging
28:32 Fletching
30:15 Wheelbarrow
33:16 Ballistics
34:22 Bloodlines
33:33 Light Cavalry
Alastor1001
15:39 Feudal Age
14:07 Loom
20:07 Castle Age
18:01 Double-Bit Axe
21:58 Fletching
24:01 Horse Collar
29:01 Bodkin Arrow
30:08 Padded Archer Armor
32:12 Heavy Plow
34:29 Bloodlines
34:20 Husbandry
34:14 Gold Mining
34:16 Stone Mining
Felipe !
6:45 Loom
13:02 Feudal Age
15:15 Scale Barding Armor
21:08 Castle Age
23:53 Husbandry
24:04 Bloodlines
25:23 Double-Bit Axe
25:42 Horse Collar
26:42 Wheelbarrow
28:54 Fletching
29:05 Padded Archer Armor
29:40 Bodkin Arrow
Pipo
4:06 Loom
13:24 Feudal Age
13:58 Double-Bit Axe
19:21 Castle Age
17:14 Fletching
19:27 Crossbowman
20:05 Bodkin Arrow
22:52 Thumb Ring
23:04 Gold Mining
27:32 Horse Collar
32:37 Ballistics
Cango
4:18 Loom
13:47 Feudal Age
18:11 Town Watch
18:33 Double-Bit Axe
20:52 Castle Age
19:15 Fletching
22:31 Wheelbarrow
22:47 Bodkin Arrow
23:08 Thumb Ring
23:50 Pikeman
25:55 Crossbowman
26:39 Squires
27:39 Padded Archer Armor
31:20 Leather Archer Armor
XEVER | JoKeR
11:23 Loom
14:53 Feudal Age
15:58 Double-Bit Axe
18:52 Castle Age
20:28 Bow Saw
20:30 Padded Archer Armor
29:11 Wheelbarrow
28:24 Town Watch
33:06 Hand Cart
33:47 Horse Collar
38:05 Imperial Age
Connection lost

Rejoining the realm…

Still unreachable

The connection could not be restored.

Session expired

The server has moved on; the page needs a fresh start.